 Dungeon Crawl Stone Soup version 0.29.1-1-gd02db6906a (webtiles) character file.

Game seed: 8196069053814719795

182 gzilladon the Chopper (level 5, -4/48 HPs)
             Began as a Hill Orc Monk on Sept 27, 2022.
             Was a Believer of Beogh.
             Slain by an orc
             ... wielding a +0 trident
              (8 damage)
             ... on level 5 of the Dungeon.
             The game lasted 00:12:52 (4531 turns).

gzilladon the Chopper (Hill Orc Monk)               Turns: 4531, Time: 00:12:52

Health: -4/48      AC:  9    Str: 16    XL:     5   Next: 61%
Magic:  5/5        EV: 10    Int: 10    God:    Beogh [**....]
Gold:   198        SH:  3    Dex: 15    Spells: 4/4 levels left

rFire   . . .      SeeInvis .   a - +0 hand axe
rCold   . . .      Faith    .   o - +0 buckler
rNeg    . . .      Spirit   .   v - +0 scale mail
rPois   .          Reflect  .   (no helmet)
rElec   .          Harm     .   (no cloak)
rCorr   .          Rampage  .   (no gloves)
Will    .....                   t - +2 pair of boots "Dawk" {Dex+2}
Stlth   +.........              (no amulet)
HPRegen 0.16/turn               (no ring)
MPRegen 0.09/turn               (no ring)

@: no status effects
A: no striking features
a: Renounce Religion, Smiting


You were on level 5 of the Dungeon.
You worshipped Beogh.
Beogh was pleased with you.
You visited 1 branch of the dungeon, and saw 5 of its levels.

You collected 198 gold pieces.

Inventory:

Hand Weapons
 a - a +0 hand axe (weapon)
Missiles
 e - 28 stones (quivered)
 q - 3 poisoned darts
Armour
 b - a +0 robe
 h - a +0 leather armour
 o - a +0 buckler (worn)
 t - the +2 pair of boots "Dawk" (worn) {Dex+2}
   (You found it on level 2 of the Dungeon)

   Dex:       It affects your dexterity (+2).
 v - a +0 scale mail (worn)
Jewellery
 f - a +6 ring of dexterity
 r - a ring of protection from cold
Wands
 u - a wand of mindburst (11)
Scrolls
 d - 7 scrolls of identify {unknown}
 j - 2 scrolls of vulnerability {unknown}
 k - a scroll of enchant armour {unknown}
 m - 5 scrolls of magic mapping {unknown}
 n - a scroll of fear {unknown}
 p - 2 scrolls of noise {unknown}
 w - 2 scrolls of fog {unknown}
 y - 3 scrolls of teleportation {unknown}
Potions
 g - a potion of degeneration {unknown}
 i - a potion of cancellation {unknown}
 l - 2 potions of curing {unknown}
 s - a potion of flight {unknown}
 x - 2 potions of heal wounds {unknown}
 z - a potion of lignification {unknown}
 A - a potion of experience {unknown}
 B - a potion of mutation {unknown}


   Skills:
 * Level 5.0 Fighting
 + Level 5.4 Axes
 + Level 2.6 Armour
 + Level 2.9 Dodging
 - Level 1.5 Stealth
 + Level 0.2 Shields


You had 4 spell levels left.
You didn't know any spells.
Your spell library contained the following spells:

 Spells                   Type           Power      Damage    Failure   Level
 Apportation              Tloc           0%         N/A       88%         1
 Foxfire                  Conj/Fire      0%         2x1d4     88%         1
 Conjure Flame            Conj/Fire      0%         6-21      99%         3
 Inner Flame              Hex/Fire       0%         N/A       99%         3
 Flame Wave               Conj/Fire      0%         2d4       100%        4
 Alistair's Intoxication  Tmut/Pois      0%         N/A       100%        5


Dungeon Overview and Level Annotations

Branches:
Dungeon (5/15)
 Temple: D:4-7

Altars:
Kikubaaqudgha
Zin


Message History

You hit the orc but do no damage. The orc barely misses you.
The orc closely misses you. You block the phantom's attack.
You hit the phantom but do no damage.
The phantom is heavily damaged.
You hit the orc but do no damage. The phantom barely misses you.
The orc hits you but does no damage. x2
You hit the phantom.
The phantom is severely damaged.
You closely miss the orc.
The phantom hits you but does no damage.
The orc hits you from afar with a +0 trident.
* * * LOW HITPOINT WARNING * * *
The orc closely misses you.
You closely miss the phantom.
The phantom is severely damaged.
You hit the orc.
You kill the orc!
Beogh accepts your kill.
You can now smite your foes.
The orc barely misses you. The phantom hits you.
* * * LOW HITPOINT WARNING * * *
The phantom blinks!
You blink.
You hit the phantom.
The phantom is almost destroyed.
The phantom misses you. The orc barely misses you.
You closely miss the phantom.
The phantom is almost destroyed.
The phantom hits you but does no damage.
The orc hits you but does no damage.
You completely miss the phantom.
The phantom is almost destroyed.
The phantom barely misses you.
The orc hits you from afar with a +0 trident.
* * * LOW HITPOINT WARNING * * *
The phantom closely misses you.
The orc hits you from afar with a +0 trident.
* * * LOW HITPOINT WARNING * * *
You closely miss the phantom.
The phantom is almost destroyed.
The orc hits you from afar with a +0 trident!
You die...

...........###.##.##.#
.###.#######.........#
## #.# #.####.#.## #+#
#. #.).#.# #.##.###.#
#........# ###..#####
####.oW## +....))@#
####...## ##...# ###.#
.# .# .# .# .#


You could see a phantom and an orc.

Vanquished Creatures
  A scorpion (D:4)
  An iguana (D:4)
  3 adders
  4 dart slugs
  4 orcs (D:5)
  6 bats
  4 endoplasms
  4 giant cockroaches
  5 hobgoblins
  2 quokkas
  7 ball pythons
  5 frilled lizards (D:1)
  4 goblins
  3 kobolds
  7 rats
60 creatures vanquished.

Vanquished Creatures (others)
  A black bear (D:4)
  A human (D:4)
  2 orc priests (D:4)
  An orc (D:4)
  A hobgoblin (D:4)
6 creatures vanquished.

Grand Total: 66 creatures vanquished

Notes
Turn   | Place    | Note
-------+----------+-------------------------------------------
     0 | D:1      | gzilladon the Hill Orc Monk began the quest for the Orb.
     0 | D:1      | Reached XP level 1. HP: 19/19 MP: 1/1
   306 | D:1      | Reached XP level 2. HP: 27/27 MP: 2/2
  1375 | D:2      | Found a faded altar of an unknown god.
  1397 | D:2      | Reached XP level 3. HP: 24/34 MP: 3/3
  1997 | D:2      | Reached skill level 1 in Armour
  2248 | D:2      | Found a glowing silver altar of Zin.
  2289 | D:2      | Reached XP level 4. HP: 41/41 MP: 4/4
  2305 | D:2      | Identified the +2 pair of boots "Dawk" {Dex+2}
  3412 | D:4      | Became a worshipper of Beogh the Brigand
  3412 | D:4      | Reached * piety under Beogh
  3412 | D:4      | Reached ** piety under Beogh
  3430 | D:4      | Reached skill level 5 in Axes
  3805 | D:4      | Found an ancient bone altar of Kikubaaqudgha.
  3809 | D:4      | Noticed a human
  3811 | D:4      | Killed a human
  3853 | D:4      | Noticed a scorpion
  3867 | D:4      | Killed a scorpion
  3868 | D:4      | Reached skill level 5 in Fighting
  3868 | D:4      | Reached XP level 5. HP: 45/48 MP: 5/5
  4252 | D:4      | Noticed a black bear
  4408 | D:4      | Killed a black bear
  4473 | D:5      | Entered Level 5 of the Dungeon
  4503 | D:5      | Noticed a phantom
  4531 | D:5      | Slain by an orc

Illustrated notes

Levels and vault maps discovered:
D:1:      dpeg_arrival_ternary, layout_basic, minmay_misc_feat_columns
D:2:      layout_basic, shapermc_ecumenical_altar_mp_highgroup, basic_altar,
          st_stairs_7, kennysheep_generic_room_15
D:3:      layout_loops_ring, kennysheep_cluttered_room
D:4:      layout_loops_corners, tgw_kikubaaqudgha,
          hangedman_abyss_or_decor_stagger, hangedman_decor_growths
D:5:      layout_loops_corners, led_xom_imps,
          nicolae_gozag_cash_rules_everything_around_me, marbit_many_paths,
          serial_shops, shop

Skill      XL: |  1  2  3  4 |
---------------+-------------+-----
Fighting       | 4 5 |  5.0
Armour         | 1 2 |  2.6
Axes           | 5 |  5.4
Dodging        | |  2.9
Stealth        | |  1.5
Shields        | |  0.2

Action                   |  1- 3 |  4- 6 || total
-------------------------+-------+-------++-------
Melee: Hand axe          |   110 |   101 ||   211
       Punch             |     1 |       ||     1
Invok: Convert to Beogh  |       |     1 ||     1
  Use: Potion            |       |     1 ||     1
 Stab: Sleeping          |     1 |       ||     1
Armor: Robe              |     2 |       ||     2
       Leather armour    |    24 |     2 ||    26
       Scale mail        |       |    59 ||    59
Dodge: Dodged            |    73 |    56 ||   129
Block: Buckler           |     8 |    12 ||    20
